 Dungeon Crawl Stone Soup version 0.13-a0-2739-gace2dc1 (webtiles) character file.

534 Bokken the Ruinous (level 6, -1/32 HPs)
             Began as a Deep Elf Conjurer on Aug 21, 2013.
             Was an Initiate of Sif Muna.
             Slain by an orc wizard
             ... wielding a -1,+1 orcish dagger
              (3 damage)
             ... on Level 4 of the Dungeon.
             The game lasted 00:15:04 (3237 turns).

Bokken the Ruinous (Deep Elf Conjurer)              Turns: 3237, Time: 00:15:04

HP  -1/32        AC  4     Str  7      XL: 6   Next: 33%
MP  16/20        EV 13     Int 20      God: Sif Muna [......]
Gold 185         SH  0     Dex 15      Spells:  3 memorised,  9 levels left

Res.Fire  : + . .   See Invis. : .   r - +1,+3 dwarf dagger (speed)
Res.Cold  : . . .   Warding    : .   A - +2 robe {rF+}
Life Prot.: . . .   Conserve   : .   (no shield)
Res.Poison: .       Res.Corr.  : .   (no helmet)
Res.Elec. : .       Clarity    : .   (no cloak)
Sust.Abil.: . .     Spirit.Shd : .   (no gloves)
Res.Mut.  : .       Stasis     : .   (no boots)
Res.Rott. : .       Flight     : .   (no amulet)
Saprovore : . . .                    (no ring)
                                     (no ring)

@: slightly resistant to hostile enchantments, stealthy
A: no striking features
a: Renounce Religion


You were on level 4 of the Dungeon.
You worshipped Sif Muna.
Sif Muna was pleased with you.
You were not hungry.

You visited 2 branches of the dungeon, and saw 5 of its levels.

You collected 165 gold pieces.

Inventory:

Hand weapons
 e - a +1,+1 whip of electrocution
 o - a +1,+2 orcish dagger (quivered)
 r - a +1,+3 dwarven dagger of speed (weapon)
Armour
 a - a +0 elven robe
 A - a +2 robe of fire resistance (worn)
Magical devices
 i - a wand of fireball (5) {unknown}
Comestibles
 b - 4 bread rations
 g - 16 sultanas
Scrolls
 d - 8 scrolls of identify {unknown}
 h - a scroll of curse armour {unknown}
 k - 2 scrolls of enchant weapon II
 p - a scroll of fear {unknown}
 s - a scroll of amnesia {unknown}
 t - 2 scrolls of remove curse {unknown}
 x - a scroll of teleportation {unknown}
 y - a scroll of enchant armour {unknown}
Jewellery
 m - an uncursed ring of see invisible {unknown}
 v - a cursed ring of teleportation {unknown}
Potions
 f - a potion of might {unknown}
 j - 2 potions of speed {unknown}
 l - a potion of brilliance {unknown}
 n - a potion of mutation {unknown}
 q - a potion of slowing {unknown}
 u - a potion of restore abilities {unknown}
 w - 2 potions of curing {unknown}
Books
 c - a book of Conjurations

   Spells                             Type                      Level
   *Magic Dart                        Conjuration                  1
   *Searing Ray                       Conjuration                  2
   *Dazzling Spray                    Conjuration/Hexes            3
   Iskenderun's Mystic Blast          Conjuration                  4
   Iskenderun's Battlesphere          Conjuration/Charms           4
   Fulminant Prism                    Conjuration/Hexes            5


   Skills:
 + Level 0.1 Maces & Flails
 + Level 3.4 Dodging
 + Level 3.7 Stealth
 + Level 5.1 Spellcasting
 + Level 6.3 Conjurations
 + Level 1.0 Hexes


You had 9 spell levels left.
You knew the following spells:

 Your Spells              Type           Power        Failure   Level  Hunger
a - Magic Dart            Conj           ####         1%          1    None
b - Searing Ray           Conj           ####..       1%          2    None
c - Dazzling Spray        Conj/Hex       ###.....     10%         3    ##.....


Dungeon Overview and Level Annotations

Branches:
Dungeon (4/27)             Temple (1/1) D:4

Altars:
Ashenzari
Cheibriados
Elyvilon
Fedhas
Makhleb
Nemelex Xobeh
Okawaru
Sif Muna
Trog
Vehumet
Xom
Yredelemnul
Zin
the Shining One


Message History

The orc wizard's eyes start to glow.
The searing ray hits the orc wizard.
The orc wizard is almost dead.
The orc wizard hits you with an orcish dagger.
The orc wizard jeers repeatedly.
The orc wizard barely misses you.
The orc wizard becomes somewhat translucent.
The searing ray misses the orc wizard.
The searing ray hits the orc wizard.
The orc wizard is severely wounded.
The orc wizard hits you with an orcish dagger.
* * * LOW HITPOINT WARNING * * *
The orc wizard hits you with an orcish dagger.
* * * LOW HITPOINT WARNING * * *
The orc wizard hits you but does no damage.
The orc wizard gestures at you while chanting.
The puff of flame misses you.
The orc wizard hits you with an orcish dagger!
* * * LOW HITPOINT WARNING * * *
The orc wizard hits you with an orcish dagger.
You die...

.. ......... .#
#####.##........
.#####.....##.........
.......................
<# #.....⌠...........#
.# #.................#
.# #...⌠[>.⌠.........#
.# ###.#.....oo...(...#
...........⌠...o@......#
.[
............o...>.....
.. ...........<........#
...........#.......#.###
.. |...>..........#.#
<................
..........a......
.......##.####.
.?....##.####.#######.


You could see a worker ant (wandering), 2 orc wizards and 2 orcs.

Vanquished Creatures
  A manticore (D:4)
  Sigmund (D:2)
  The ghost of tyrsky the Firebug, an average HEFE (D:3)
  An iguana (D:4)
  Ijyb (D:4)
  Jessica (D:2)
  A giant gecko (D:3)
  An ooze (D:2)
  An orc (D:3)
  3 giant cockroaches
  6 goblins
  9 hobgoblins
  4 bats
  6 giant newts
  7 kobolds
  6 rats
50 creatures vanquished.

Notes
Turn   | Place    | Note
--------------------------------------------------------------
     0 | D:1      | Bokken, the Deep Elf Conjurer, began the quest for the Orb.
     0 | D:1      | Reached XP level 1. HP: 10/10 MP: 4/4
   440 | D:1      | Reached XP level 2. HP: 15/15 MP: 0/6
   444 | D:1      | Learned a level 2 spell: Searing Ray
   849 | D:2      | Noticed Sigmund
   873 | D:3      | Reached skill level 5 in Conjurations
  1414 | D:2      | Reached XP level 3. HP: 19/19 MP: 7/9
  1585 | D:3      | Noticed tyrsky's ghost (average HEFE)
  1619 | D:3      | Killed tyrsky's ghost
  1619 | D:3      | Reached XP level 4. HP: 10/24 MP: 2/13
  1725 | D:3      | Learned a level 3 spell: Dazzling Spray
  2054 | D:4      | Noticed an ogre
  2056 | D:4      | Noticed Ijyb
  2137 | D:2      | Killed Sigmund
  2137 | D:2      | Reached XP level 5. HP: 28/28 MP: 3/16
  2261 | D:2      | Noticed Jessica
  2268 | D:2      | Killed Jessica
  2281 | D:2      | Found a snail-covered altar of Cheibriados.
  2281 | D:2      | Found a basalt altar of Yredelemnul.
  2613 | D:4      | Found a staircase to the Ecumenical Temple.
  2617 | D:4      | Noticed a manticore
  2623 | Temple   | Entered the Ecumenical Temple
  2628 | Temple   | Became a worshipper of Sif Muna the Loreminder
  2765 | D:4      | Killed a manticore
  2765 | D:4      | Reached skill level 6 in Conjurations
  2765 | D:4      | Reached skill level 1 in Hexes
  2765 | D:4      | Reached XP level 6. HP: 20/32 MP: 0/20
  2894 | D:4      | Reached skill level 5 in Spellcasting
  2924 | D:4      | Killed Ijyb
  3237 | D:4      | Slain by an orc wizard

Action                   |  1- 3 |  4- 6 || total
-------------------------+-------+-------++-------
Melee: Whip              |    12 |       ||    12
       Dagger            |     3 |    35 ||    38
 Cast: Magic Dart        |    52 |    37 ||    89
       Searing Ray       |     4 |    11 ||    15
       Dazzling Spray    |       |     7 ||     7
  Use: Potion            |       |     2 ||     2
       Scroll            |       |     1 ||     1
 Stab: Sleeping          |     1 |       ||     1
       Invisible         |       |     1 ||     1
